 Dungeon Crawl Stone Soup version 0.30-a0-901-g7006a02 (webtiles) character file.

Game seed: 4183892230429519509

98 Illumine the Shield-Bearer (level 5, -6/42 HPs)
             Began as a Formicid Fighter on Mar 18, 2023.
             Killed by divine providence
             ... invoked by an orc priest
              (9 damage)
             ... on level 2 of the Dungeon.
             The game lasted 00:01:32 (1218 turns).

Illumine the Shield-Bearer (Formicid Fighter)       Turns: 1218, Time: 00:01:32

Health: -6/42      AC:  7    Str: 22    XL:     5   Next: 1%
Magic:  5/5        EV:  9    Int:  8    God:
Gold:   104        SH:  5    Dex: 13    Spells: 4/4 levels left

rFire   . . .      SeeInvis +    a - +0 trident
rCold   . . .      Faith    .    c - +0 buckler
rNeg    . . .      Spirit   .    b - +0 scale mail
rPois   +          Reflect  .    (helmet unavailable)
rElec   .          Rampage  .    (no cloak)
rCorr   +                        (no gloves)
Will    .....                    (no boots) Stlth
                                 (no amulet)
HPRegen 0.27/turn                i - ring of poison resistance
MPRegen 0.09/turn                k - ring of resist corrosion

@: no status effects
A: permanent stasis, dig shafts and tunnels, antennae 3, four strong arms
a: Dig, Shaft Self


You were on level 2 of the Dungeon.
You visited 1 branch of the dungeon, and saw 3 of its levels.

You collected 104 gold pieces.

Inventory:

Hand Weapons
 a - a +0 trident (weapon)
Armour
 b - a +0 scale mail (worn)
 c - a +0 buckler (worn)
Jewellery
 i - a ring of poison resistance (left hand)
 k - a ring of resist corrosion (right hand)
 r - a +6 ring of dexterity
 u - a ring of flight
Wands
 t - a wand of quicksilver (10)
Scrolls
 f - 2 scrolls of brand weapon {unknown}
 g - 4 scrolls of identify {unknown}
 h - 3 scrolls of teleportation {unknown}
 n - a scroll of enchant weapon {unknown}
 p - a scroll of magic mapping {unknown}
 s - a scroll of noise {unknown}
Potions
 d - a potion of might
 e - a potion of ambrosia {unknown}
 j - a potion of invisibility {unknown}
 l - 2 potions of heal wounds {unknown}
 m - a potion of attraction {unknown}
 o - a potion of curing {unknown}
 q - 2 potions of lignification {unknown}


   Skills:
 + Level 4.0 Fighting
 * Level 3.6 Polearms
 + Level 4.0 Armour
 - Level 4.0 Shields


You had 4 spell levels left.
You didn't know any spells.
Your spell library was empty.

Dungeon Overview and Level Annotations

Branches:
Dungeon (3/15)

Altars:
Uskayaw


Innate Abilities, Weirdness & Mutations

You cannot be hasted, slowed, berserked, paralysed or teleported.
You can dig through walls and to a lower floor.
You have a pair of large antennae on your head. (SInv)
Your four strong arms can wield two-handed weapons with a shield.


Message History

You have reached level 5!
The frilled lizard attacks as you move away!
You block the frilled lizard's attack.
An orc comes into view. It is wielding a +0 club.
The orc shouts!
You hit the frilled lizard.
You kill the frilled lizard!
You hear a shout!
The orc closely misses you. The orc hits you with a +0 trident!
An orc comes into view. It is wielding a +0 dagger.
You closely miss the orc.
The orc shouts!
The orc closely misses you.
The orc priest attacks as you move away!
The orc priest hits you with a +0 war axe.
There is a stone staircase leading up here.
You can't go down here!
You block the orc priest's attack.
You climb upwards.
There is a stone staircase leading down here.
You closely miss the orc priest. The orc priest barely misses you.
The orc priest hits you with a +0 war axe.
You hit the orc priest but do no damage.
The orc priest hits you with a +0 war axe!
* * * LOW HITPOINT WARNING * * *
You completely miss the orc priest.
The orc priest hits you but does no damage.
You hit the orc priest.
The orc priest is lightly wounded.
The orc priest hits you but does no damage.
You hit the orc priest.
The orc priest is lightly wounded.
The orc priest hits you with a +0 war axe!
* * * LOW HITPOINT WARNING * * *
You puncture the orc priest!
The orc priest is almost dead.
The orc priest invokes the aid of Beogh against you.
Beogh smites you!
You die...

#...........(.............##..
###..........#..................
#............#...^...........#.#
#..<...........................#
#............##............##รท.)
#............###...........##.##
#............##....######.##..##
######...##..)......#####.....###
#......#....##..@.#.##.....#### #
................#o#.##.##..# ####
..._........###.....##.#..## #...
.........##.......(......#####...
.........#####......#.....##.....
.................)...........#...
.......................##.####...
.............<.............# ##..
.........####.......(.[.##.####..


You could see an orc priest.

Vanquished Creatures
  5 adders (D:2)
  2 worms (D:2)
  An orc (D:3)
  2 endoplasms (D:2)
  A giant cockroach (D:1)
  7 hobgoblins
  2 quokkas (D:1)
  5 ball pythons
  3 bats
  3 frilled lizards
  6 goblins
  4 kobolds
  4 rats (D:1)
45 creatures vanquished.

Notes
Turn   | Place    | Note
-------+----------+-------------------------------------------
     0 | D:1      | Illumine the Formicid Fighter began the quest for the Orb.
     0 | D:1      | Reached XP level 1. HP: 18/18 MP: 1/1
   159 | D:1      | Reached XP level 2. HP: 24/24 MP: 2/2
   656 | D:2      | Reached XP level 3. HP: 29/29 MP: 3/3
   752 | D:2      | Reached XP level 4. HP: 37/37 MP: 4/4
   882 | D:2      | Found a hide-covered altar of Uskayaw.
  1203 | D:3      | Reached XP level 5. HP: 32/42 MP: 5/5
  1217 | D:2      | HP: 2/42 [orc priest/+0 war axe (8)]
  1218 | D:2      | Killed from afar by an orc priest

Illustrated notes

Levels and vault maps discovered:
D:1:      mrwooster_arrival_statue, layout_basic
D:2:      layout_rooms, basic_altar
D:3:      layout_loops_ring

Skill      XL: |  1  2  3  4 |
---------------+-------------+-----
Polearms       | 3 |  3.6
Fighting       | 4 |  4.0
Armour         | 4 |  4.0
Shields        | |  4.0

Action                     |  1- 3 |  4- 6 || total
---------------------------+-------+-------++-------
  Melee: Trident           |    87 |    72 ||   159
 Armour: Scale mail        |    37 |    44 ||    81
  Dodge: Dodged            |    47 |    37 ||    84
  Block: Buckler           |    21 |    19 ||    40

Table legend: (Time is in decaauts)
 A = Elapsed time spent in this place.
 B = Non-inter-level travel time spent in this place.
 C = Inter-level travel time spent in this place.
 D = Time resting spent in this place.
 E = Time spent auto-exploring this place.
 F = Levels seen in this place.
 G = Mean time per level.
                   A        B        C        D        E       F      G
               +--------+--------+--------+--------+--------+-----+--------+
         Total |   1244 |   1212 |     32 |     25 |    823 |   3 |  414.7 |
       Dungeon |   1244 |   1212 |     32 |     25 |    823 |   3 |  414.7 |
               +--------+--------+--------+--------+--------+-----+--------+

Top non-repeatable levels by time:
     D:1: 632 daAuts
     D:2: 497 daAuts
     D:3: 114 daAuts
